 Dungeon Crawl Stone Soup version 0.27.0-1-g7a089689b8 (webtiles) character file.

Game seed: 12443709098372141874

32 Leibowitz the Skirmisher (level 3, -1/29 HPs)
             Began as a Demonspawn Fighter on Aug 9, 2021.
             Slain by Natasha (4 damage)
             ... on level 1 of the Dungeon.
             The game lasted 00:01:54 (1226 turns).

Leibowitz the Skirmisher (Demonspawn Fighter)       Turns: 1226, Time: 00:01:55

Health: -1/29      AC:  6    Str: 16    XL:     3   Next: 8%
Magic:  3/3        EV:  7    Int:  9    God:
Gold:   44         SH:  9    Dex: 17    Spells: 2/2 levels left

rFire    . . .     SeeInvis .   a - +0 long sword
rCold    . . .     Faith    .   c - +0 kite shield
rNeg     . . .     Spirit   .   b - +0 scale mail
rPois    .         Reflect  .   (no helmet)
rElec    .         Harm     .   (no cloak)
rCorr    .         Rampage  .   (no gloves)
Will     .....                  (no boots)
Stlth    ++........             (no amulet)
HPRegen  0.09/turn              (no ring)
MPRegen  0.08/turn              (no ring)

@: slowed, very slow
A: thin skeletal structure 2
a: no special abilities


You were on level 1 of the Dungeon.
You visited 1 branch of the dungeon, and saw 2 of its levels.

You collected 44 gold pieces.

Inventory:

Hand Weapons
 a - a +0 long sword (weapon)
Missiles
 f - 32 poisoned darts (quivered)
Armour
 b - a +0 scale mail (worn)
 c - a +0 kite shield (worn)
Scrolls
 e - 2 scrolls of identify {unknown}
Potions
 d - a potion of might


   Skills:
 + Level 3.2 Fighting
 + Level 1.9 Long Blades
 + Level 3.0 Armour
 + Level 0.5 Dodging
 + Level 3.1 Shields


You had 2 spell levels left.
You didn't know any spells.
Your spell library contained the following spells:

 Spells                   Type           Power      Damage    Failure   Level
 Summon Small Mammal      Summ           0%         N/A       100%        1
 Call Canine Familiar     Summ           0%         N/A       100%        3
 Stone Arrow              Conj/Erth      0%         3d7       100%        3
 Summon Guardian Golem    Hex/Summ       0%         N/A       100%        3
 Bolt of Magma            Conj/Fire/Erth 0%         4d4       100%        5
 Shatter                  Erth           0%         3d5*      100%        9


Dungeon Overview and Level Annotations

Branches:
Dungeon (2/15)

Altars:

Shops:
D:1 ?

Annotations:
D:1 Natasha


Innate Abilities, Weirdness & Mutations

You have a moderately thin skeletal structure. (Dex +4, Stealth++)


Message History

You block the bat's attack. x2; The goblin hits you but does no damage.
Natasha barely misses you.
You riposte.
You hit Natasha.
Natasha is heavily wounded.
The goblin hits you but does no damage.
You hit Natasha.
Natasha is severely wounded.
The bat hits you but does no damage. You block the bat's attack. x2
The bat barely misses you.
You riposte.
You hit the bat.
The bat is moderately wounded.
You block Natasha's attack. The goblin hits you but does no damage.
Natasha claws you. The goblin barely misses you.
Unknown command.
The bat closely misses you.
You riposte.
You hit the bat.
The bat is heavily wounded.
The goblin closely misses you.
You riposte.
Your shield prevents you from hitting the goblin.
The goblin is moderately wounded.
The bat hits you but does no damage.
You slash the goblin!
You kill the goblin!
You block Natasha's attack.
You closely miss Natasha.
Natasha is severely wounded.
Natasha claws you but does no damage.
You closely miss Natasha.
Natasha is severely wounded.
Natasha stares at you and mumbles some strange words.
You feel yourself slow down. Natasha barely misses you.
You closely miss Natasha.
Natasha is severely wounded.
Natasha stares at you and mumbles some strange words.
The magic dart hits you.
* * * LOW HITPOINT WARNING * * *
Natasha claws you but does no damage.
You barely miss Natasha.
Natasha is severely wounded.
Natasha claws you.
* * * LOW HITPOINT WARNING * * *
Natasha claws you.
You die...

##..#.##.##.##### #.#
##.#.##.##.#⌠.⌠## #.#
#.#.......#.∩..#####.#
#.###......⌠.⌠.......#
#......##.############
######.#...###### #
#b.>.......# #
##h#...#.##.# #
#@###.###.#.# #
#.#.........# #
#.#.#.###.########
##..#.##.###......
##.#....(........
#....#####....##
#.#### ##....# #.#
#......
#.#########....#


You could see Natasha and a bat.

Vanquished Creatures
  2 bats
  An endoplasm (D:1)
  A giant cockroach (D:1)
  3 goblins (D:1)
  6 hobgoblins (D:1)
  2 jackals (D:1)
  5 quokkas
  3 ball pythons (D:1)
  2 frilled lizards (D:1)
  A kobold (D:1)
26 creatures vanquished.

Notes
Turn   | Place    | Note
-------+----------+-------------------------------------------
     0 | D:1      | Leibowitz the Demonspawn Fighter began the quest for the
                  | Orb.
     0 | D:1      | Reached XP level 1. HP: 18/18 MP: 1/1
   373 | D:1      | Found Vedwedgh's Magic Scroll Emporium.
   393 | D:1      | Gained mutation: You have a somewhat thin skeletal
                  | structure. (Dex +2, Stealth+) [demonic ancestry]
   393 | D:1      | Reached XP level 2. HP: 24/24 MP: 2/2
   528 | D:1      | Found a faded altar of an unknown god.
   988 | D:1      | Gained mutation: You have a moderately thin skeletal
                  | structure. (Dex +4, Stealth++) [demonic ancestry]
   988 | D:1      | Reached XP level 3. HP: 29/29 MP: 3/3
  1200 | D:2      | Noticed Natasha
  1226 | D:1      | Slain by Natasha

Illustrated notes

Levels and vault maps discovered:
D:1:      nagdon_arrival_double_spiral, layout_loops_ring, serial_shops,
          shop_fountains, dreamdust_ecumenical_altar_grove
D:2:      minmay_door_path, layout_rooms, serial_shops, shop,
          minmay_nonomino_d4, uniq_sigmund, uniq_natasha

Skill      XL: |  1  2 |
---------------+-------+-----
Shields        | 3 |  3.1
Armour         | 3 |  3.0
Fighting       | |  3.2
Long Blades    | |  1.9
Dodging        | |  0.5

Action                   || total
-------------------------++-------
Melee: Long sword        ||    77
Armor: Scale mail        ||    55
Dodge: Dodged            ||    39
Block: Kite shield       ||    58
       Rpst.: Long sword ||    15
